Map: Nightshade LE

Players

Jon

  • Race: Terran Terran
  • League: Gold
  • Spawn Location: 11:00

Ratl - Winner!

  • Race: Protoss Protoss
  • League: Silver
  • Spawn Location: 5:00

VOD

Have the link to the VOD?

Description

Time

  • Played on: Feb. 15, 2020, 12:41 p.m.
  • Length: 20:48
Show
View Real Time Build Order
Export as new Build Order

Jon Terran 

Build Orders:  

Get SALT Encoding   

  12  0:07  SCV  
  13  0:18  Supply Depot  
  13  0:19  SCV  
  14  0:31  SCV  
  15  0:43  SCV, Barracks  
  15  0:47  Refinery  
  16  0:55  SCV  
  17  1:07  SCV  
  18  1:19  SCV  
  19  1:32  SCV, Supply Depot  
  20  1:41  Barracks Tech Lab  
  20  1:44  SCV  
  21  1:48  Supply Depot  
  21  1:56  SCV  
  22  2:02  Marine  
  22  2:05  Combat Shield  
  23  2:13  Command Center  
  23  2:20  SCV, Refinery  
  24  2:30  Marine  
  25  2:42  Orbital Command  
  25  2:49  Marine  
  26  2:57  Barracks  
  26  2:58  Barracks  
  26  3:09  Marine  
  27  3:17  Engineering Bay  
  27  3:23  SCV  
  27  3:24  Stimpack  
  28  3:33  Supply Depot  
  28  3:35  SCV  
  29  4:04  Orbital Command  
  29  4:08  SCV  
  28  4:20  SCV  
  28  4:23  Barracks Reactor  
  28  4:24  Barracks Reactor  
  28  4:33  SCV  
  28  4:34  Terran Infantry Weapons Level 1  
  29  4:42  Sensor Tower  
  29  4:45  SCV  
  30  4:47  Marine  
  31  4:54  Sensor Tower  
  31  4:55  SCV  
  31  4:57  SCV  
  33  5:02  Marine  
  33  5:03  Marine x3  
  33  5:04  Marine  
  38  5:08  SCV  
  38  5:09  SCV  
  38  5:10  Factory  
  40  5:20  SCV, Marine x2  
  40  5:21  Marine x2, SCV  
  46  5:26  Refinery  
  46  5:32  SCV  
  46  5:33  SCV  
  48  5:36  Supply Depot  
  48  5:40  Marine x5  
  53  5:44  SCV  
  53  5:45  SCV  
  55  5:53  Refinery  
  55  5:55  Factory Tech Lab  
  55  5:56  SCV  
  56  5:57  SCV, Marine x2  
  56  5:58  Marine x3  
  56  5:59  Starport, Supply Depot  
  62  6:08  SCV  
  62  6:09  SCV  
  62  6:10  Command Center  
  64  6:20  SCV  
  64  6:21  SCV  
  66  6:28  Siege Tank  
  66  6:29  Marine x4  
  66  6:30  Marine  
  66  6:32  SCV  
  75  6:33  SCV  
  76  6:44  SCV  
  76  6:46  SCV  
  78  6:53  Supply Depot  
  78  6:55  Supply Depot  
  78  6:56  Supply Depot  
  78  6:57  Terran Infantry Armor Level 1  
  78  7:03  Missile Turret  
  78  7:08  Missile Turret  
  78  7:11  Engineering Bay  
  78  7:14  Armory  
  78  7:15  Marine x4, Siege Tank  
  85  7:21  SCV x2  
  87  7:24  Marine  
  88  7:32  Marine x2  
  88  7:33  SCV  
  84  7:47  Siege Tank  
  85  7:57  Starport Reactor  
  85  7:59  Marine x3  
  85  8:00  Marine x2  
  90  8:17  Marine x5  
  90  8:19  Siege Tank  
  98  8:34  Planetary Fortress  
  98  8:40  Missile Turret  
  98  8:45  SCV x2, Refinery  
  100  8:52  Siege Tank  
  100  8:53  Medivac x2  
  100  8:55  Marine x5  
  108  8:57  SCV x2  
  114  9:03  Missile Turret  
  114  9:08  Refinery  
  114  9:09  SCV x2  
  116  9:13  Marine  
  117  9:21  Supply Depot  
  117  9:22  Supply Depot  
  117  9:25  Supply Depot  
  117  9:26  Supply Depot  
  117  9:42  Marine x5  
  117  9:43  SCV, Viking  
  117  9:44  Viking  
  127  9:48  Terran Infantry Weapons Level 2, Terran Infantry Armor Level 2  
  127  9:50  Terran Vehicle Weapons Level 1  
  127  9:52  SCV x2  
  129  9:55  SCV  
  130  10:00  Supply Depot  
  130  10:01  Supply Depot  
  130  10:04  SCV x2  
  132  10:07  SCV  
  132  10:08  Supply Depot  
  132  10:10  Siege Tank  
  132  10:13  Marine x4, Medivac  
  132  10:14  Marine, Viking  
  145  10:16  SCV  
  146  10:23  Supply Depot  
  146  10:24  Command Center  
  146  10:31  Marine x5  
  151  10:42  Siege Tank  
  154  10:43  Viking  
  154  10:49  Marine x5  
  161  11:03  Refinery  
  161  11:05  Missile Turret  
  161  11:06  Marine  
  161  11:07  Marine x4, Refinery  
  149  11:25  Marine  
  118  11:40  Siege Tank  
  118  11:42  Medivac x2  
  118  11:43  Marine x5  
  126  12:00  Marine  
  126  12:01  Marine x4  
  131  12:12  Medivac x2, Siege Tank  
  131  12:13  SCV x3  
  142  12:18  Marine  
  142  12:19  Marine x4  
  145  12:25  SCV  
  132  12:36  Marine x3  
  132  12:37  Marine x2  
  133  12:42  Medivac x2  
  144  12:44  Siege Tank  
  143  12:54  Marine x4  
  131  13:06  Marine  
  131  13:11  Medivac  
  131  13:12  Marine x4, Medivac, Planetary Fortress  
  139  13:16  Siege Tank  
  143  13:24  Marine  
  144  13:28  Missile Turret  
  144  13:29  Marine  
  144  13:30  Marine x3, SCV x2  
  144  13:31  SCV  
  151  13:41  Medivac  
  151  13:42  Marine, SCV x2, Medivac  
  151  13:47  Marine  
  151  13:48  Marine x3, Siege Tank  
  165  13:53  Starport  
  165  13:59  Marine  
  165  14:00  Starport  
  165  14:02  Armory  
  166  14:04  Terran Infantry Armor Level 3, Terran Infantry Weapons Level 3  
  166  14:05  Marine, Fusion Core  
  166  14:06  Marine x3  
  166  14:09  Terran Vehicle And Ship Armor Level 1  
  170  14:17  Marine  
  170  14:20  Siege Tank  
  170  14:23  Marine x3  
  177  14:27  Viking x2  
  177  14:30  Marine  
  182  14:35  Marine  
  183  14:41  Marine x3  
  183  14:45  Starport Tech Lab x2  
  186  14:48  Marine  
  186  14:52  Siege Tank  
  190  14:53  Marine  
  190  14:57  Viking x2  
  190  14:58  Marine  
  190  14:59  Marine x2  
  198  15:06  Marine  
  198  15:07  Terran Vehicle Weapons Level 2  
  199  15:08  Weapon Refit  
  199  15:11  Marine  
  196  15:16  Marine  
  196  15:17  Marine x2  
  172  15:23  Marine  
  142  15:32  Battlecruiser x2  
  142  15:35  Siege Tank  
  135  15:36  Medivac x2  
  135  15:38  Marine x3  
  135  15:39  Marine  
  135  15:41  Marine  
  120  15:56  Marine x4  
  119  15:59  Marine  
  119  16:04  Terran Ship Weapons Level 1  
  113  16:07  Siege Tank  
  114  16:14  Marine x4  
  114  16:17  Marine  
  100  16:22  Medivac x2  
  104  16:32  Marine x4  
  108  16:35  Marine  
  108  16:36  Battlecruiser x2  
  108  16:39  Siege Tank  
  121  16:49  Marine x2  
  121  16:50  Marine x2  
  108  17:17  Siege Tank  
  111  17:26  Marine  
  111  17:27  Marine x4  
  116  17:39  Barracks  
  116  17:40  Battlecruiser x2  
  116  17:42  Barracks  
  128  17:44  Marine x5, Command Center  
  128  17:46  Command Center  
  128  17:49  Siege Tank  
  128  17:50  Viking x2  
  140  18:02  Marine x5  
  145  18:20  Marine x3  
  145  18:22  Siege Tank  
  151  18:44  Raven  
  151  18:45  Battlecruiser  
  90  19:25  Siege Tank  
  90  19:27  Battlecruiser  
  99  19:52  Refinery  
  105  19:53  Refinery  
  105  19:58  Siege Tank  
  108  20:09  Barracks Reactor x2  
  108  20:10  Marine  
Show
View Real Time Build Order
Export as new Build Order

Ratl Protoss - Winner!

Build Orders:  

Get SALT Encoding   

  12  0:01  Probe  
  13  0:13  Probe  
  14  0:18  Pylon  
  14  0:26  Probe  
  15  0:38  Probe, Gateway  
  16  0:48  Assimilator  
  16  0:50  Probe (Chrono Boost)  
  17  1:00  Probe (Chrono Boost)  
  18  1:05  Probe (Chrono Boost)  
  19  1:16  Probe  
  20  1:27  Cybernetics Core  
  20  1:29  Probe  
  20  1:30  Gateway  
  21  1:41  Probe, Assimilator  
  22  1:53  Probe  
  23  1:59  Pylon  
  23  2:16  Nexus  
  23  2:17  Probe (Chrono Boost)  
  24  2:25  Stalker  
  24  2:28  Warp Gate, Probe (Chrono Boost)  
  27  2:33  Probe (Chrono Boost)  
  27  2:36  Stalker  
  30  2:43  Probe  
  31  2:57  Pylon  
  31  3:02  Pylon  
  31  3:15  Probe (Chrono Boost), Sentry, Stalker  
  36  3:26  Probe (Chrono Boost)  
  37  3:30  Probe (Chrono Boost)  
  39  3:35  Probe (Chrono Boost)  
  39  3:37  Probe (Chrono Boost)  
  39  3:39  Robotics Facility  
  40  3:44  Probe (Chrono Boost)  
  40  3:47  Probe (Chrono Boost)  
  42  3:50  Pylon  
  42  3:53  Stalker  
  42  3:54  Probe (Chrono Boost)  
  46  3:57  Probe (Chrono Boost)  
  46  3:59  Probe (Chrono Boost), Stalker  
  49  4:06  Probe  
  50  4:10  Probe  
  51  4:18  Probe  
  52  4:26  Probe (Chrono Boost)  
  52  4:31  Probe (Chrono Boost)  
  54  4:37  Assimilator  
  55  4:38  Assimilator, Nexus  
  55  4:41  Pylon, Observer  
  55  4:42  Probe (Chrono Boost)  
  55  4:43  Probe (Chrono Boost)  
  57  4:46  Stalker  
  57  4:47  Probe (Chrono Boost)  
  57  4:49  Probe  
  61  4:53  Stalker  
  61  4:57  Probe  
  64  5:01  Probe  
  65  5:09  Probe  
  65  5:13  Probe  
  67  5:19  Stalker x2  
  67  5:20  Immortal  
  75  5:21  Probe  
  75  5:25  Probe  
  77  5:33  Probe  
  78  5:36  Pylon  
  78  5:42  Pylon  
  78  5:43  Pylon  
  78  5:44  Pylon  
  78  5:47  Pylon  
  78  5:48  Pylon  
  78  5:51  Probe x3 (Chrono Boost)  
  81  5:57  Stalker  
  81  5:59  Stalker  
  81  6:01  Probe x3 (Chrono Boost)  
  81  6:03  Pylon  
  88  6:09  Probe, Immortal  
  88  6:11  Probe (Chrono Boost)  
  93  6:12  Probe (Chrono Boost)  
  95  6:22  Probe (Chrono Boost)  
  95  6:23  Probe (Chrono Boost)  
  98  6:30  Probe (Chrono Boost)  
  98  6:31  Probe (Chrono Boost), Pylon, Nexus  
  98  6:32  Probe (Chrono Boost)  
  100  6:36  Probe x2 (Chrono Boost), Assimilator  
  100  6:37  Probe, Assimilator  
  103  6:42  Twilight Council  
  103  6:51  Probe x3  
  103  6:53  Forge  
  106  6:54  Forge  
  106  6:57  Forge  
  106  7:02  Immortal (Chrono Boost)  
  106  7:03  Probe x2  
  106  7:04  Probe  
  113  7:15  Probe  
  113  7:16  Probe  
  113  7:20  Probe  
  116  7:24  Protoss Ground Weapons Level 1 (Chrono Boost), Protoss Shields Level 1 (Chrono Boost), Protoss Ground Armor Level 1 (Chrono Boost), Stalker x2  
  116  7:27  Probe  
  116  7:28  Probe  
  116  7:29  Templar Archives  
  121  7:32  Probe  
  122  7:38  Immortal (Chrono Boost)  
  122  7:40  Probe  
  127  7:53  Pylon, Stalker  
  127  7:54  Nexus, Stalker  
  127  7:56  Probe x3  
  134  7:59  Pylon  
  134  8:18  Immortal (Chrono Boost)  
  134  8:23  Stalker x2  
  142  8:45  Nexus  
  142  8:47  Pylon  
  142  8:49  Pylon  
  142  8:53  Immortal  
  142  8:54  Gateway x2  
  142  8:56  Gateway  
  142  8:58  Gateway  
  142  9:00  Stalker x2  
  146  9:04  Gateway  
  146  9:05  Gateway  
  146  9:09  Gateway  
  150  9:11  Gateway  
  150  9:13  Gateway  
  150  9:17  Assimilator  
  150  9:18  Assimilator  
  150  9:25  Protoss Shields Level 2 (Chrono Boost)  
  150  9:34  Immortal, Protoss Ground Armor Level 2 (Chrono Boost)  
  150  9:35  Protoss Ground Weapons Level 2 (Chrono Boost)  
  154  9:39  Psionic Storm  
  154  9:40  Charge  
  154  9:53  Photon Cannon  
  154  9:54  Photon Cannon  
  154  9:55  Photon Cannon  
  154  9:57  Shield Battery  
  154  10:01  Photon Cannon  
  154  10:03  Photon Cannon  
  154  10:06  Photon Cannon  
  154  10:08  Photon Cannon x2  
  154  10:09  Shield Battery  
  154  10:12  Shield Battery  
  154  10:14  Photon Cannon  
  154  10:20  Photon Cannon  
  154  10:21  Photon Cannon  
  154  10:23  Shield Battery  
  154  10:26  Immortal, Photon Cannon x2  
  154  10:28  Photon Cannon  
  154  10:29  Photon Cannon  
  154  10:30  Assimilator, Shield Battery  
  154  10:32  Assimilator  
  154  10:38  High Templar x3  
  154  10:39  High Templar x5  
  154  10:42  Archon  
  174  10:43  Archon x2  
  174  10:44  Archon  
  174  10:48  High Templar x2  
  174  10:49  High Templar  
  180  11:03  Gateway  
  180  11:05  Gateway x2  
  180  11:09  Gateway  
  180  11:11  Gateway  
  180  11:12  Gateway  
  180  11:15  Gateway  
  148  11:20  Stalker x5  
  148  11:21  Stalker x2  
  104  11:32  Stalker  
  104  11:33  Stalker x3  
  90  11:43  Probe x3  
  90  11:44  Probe  
  87  11:51  High Templar x2  
  87  11:52  High Templar x5  
  99  11:55  Probe x2  
  99  11:56  Probe x2  
  99  11:58  Archon x3  
  99  12:00  High Templar  
  99  12:01  High Templar x4  
  111  12:08  High Templar  
  111  12:10  Stalker  
  111  12:11  Zealot x2  
  111  12:12  Zealot  
  120  12:19  Archon x3  
  97  12:31  Stalker x3  
  97  12:33  Stalker x4  
  97  12:34  Stalker x3  
  117  12:37  Immortal  
  117  12:41  Blink (Chrono Boost)  
  121  13:01  Nexus  
  121  13:05  Protoss Shields Level 3 (Chrono Boost)  
  121  13:06  Pylon x2  
  121  13:13  Protoss Ground Weapons Level 3 (Chrono Boost)  
  121  13:17  Immortal (Chrono Boost)  
  125  13:20  Nexus  
  125  13:22  Pylon x2  
  125  13:23  Protoss Ground Armor Level 3 (Chrono Boost)  
  125  13:37  Gateway x2  
  125  13:42  Gateway x2  
  125  13:53  Immortal (Chrono Boost)  
  129  13:58  High Templar  
  129  13:59  High Templar x3  
  129  14:00  High Templar  
  139  14:03  Zealot x3  
  139  14:04  Zealot x3  
  139  14:05  Zealot x2  
  139  14:07  Archon  
  139  14:08  Archon  
  155  14:18  Stalker x2  
  159  14:35  Gateway  
  159  14:36  Gateway  
  159  14:38  Gateway  
  159  14:39  Gateway  
  159  14:46  Gateway  
  159  14:48  Gateway  
  159  14:49  Immortal  
  159  14:51  Gateway x2, High Templar x3  
  159  14:52  High Templar x3  
  175  14:55  Archon x2  
  175  14:56  Archon  
  175  14:59  Assimilator x2  
  167  15:22  Stalker  
  167  15:23  Stalker x7  
  167  15:24  Stalker x5  
  167  15:25  Stalker  
  151  15:34  Zealot x5  
  151  15:35  Zealot  
  143  15:39  Stalker x2  
  131  15:42  High Templar  
  131  15:46  Immortal  
  137  15:53  Stalker x3  
  139  16:10  Stalker x6  
  139  16:11  Stalker  
  144  16:51  Stalker x5  
  144  16:52  Stalker x6  
  144  16:53  Stalker x3  
  144  16:54  Stalker x2  
  152  17:11  Immortal  
  152  17:14  High Templar x2  
  158  17:16  Stalker  
  158  17:17  Zealot, Stalker  
  158  17:18  Zealot x6  
  158  17:19  Zealot  
  178  17:29  Photon Cannon  
  178  17:32  Photon Cannon, Shield Battery  
  178  17:33  Photon Cannon  
  178  17:37  Photon Cannon x2  
  178  17:41  Shield Battery  
  178  17:43  Photon Cannon  
  178  18:04  High Templar x4  
  178  18:05  High Templar x2  
  190  18:10  Archon, Assimilator  
  190  18:11  Archon x3  
  190  18:14  Assimilator  
  190  18:15  High Templar x2  
  190  18:18  Stalker x2  
  198  18:21  Archon  
  184  18:53  Immortal  
  142  19:04  High Templar x6  
  142  19:06  Zealot x3  
  142  19:07  Zealot x7  
  142  19:08  Zealot x4  
  142  19:09  Zealot  
  172  19:12  Archon x2  
  172  19:13  Archon  
  170  19:20  Stalker x3  
  170  19:21  Stalker x3  
  182  19:51  Stalker x2  
  182  19:52  Stalker x6  
  194  19:53  Stalker  
  194  19:54  Nexus  
  194  19:56  Nexus  
  194  19:57  Pylon  
  200  20:00  Pylon  
  198  20:22  Pylon  
  190  20:29  Pylon  
Tags
 
Add a new tag
Caveats
  • Supply blocks, unpowered buildings, or Contaminate may cause inaccurate times.
  • Supply counts are checked every 10 seconds.